 Dungeon Crawl Stone Soup version 0.23-a0-573-g25f4479 (webtiles) character file.

1208 KnightedAnt the Shield-Bearer (level 8, 0/65 HPs)
             Began as a Formicid Fighter on Dec 13, 2018.
             Slain by an orc warrior
             ... wielding a +2 scimitar of slicing
              (3 damage)
             ... on level 6 of the Dungeon.
             The game lasted 00:12:11 (5585 turns).

KnightedAnt the Shield-Bearer (Formicid Fighter)    Turns: 5585, Time: 00:12:12

Health: 0/65       AC:  8    Str: 22    XL:     8   Next: 73%
Magic:  8/8        EV:  9    Int:  9    God:
Gold:   322        SH: 10    Dex: 10    Spells: 7/7 levels left

rFire    . . .     SeeInvis +   l - +2 short sword (freeze)
rCold    . . .     Gourm    .   c - +0 shield
rNeg     . . .     Faith    .   b - +0 scale mail
rPois    .         Spirit   .   (helmet unavailable)
rElec    .         Reflect  .   r - +0 cloak
rCorr    .         Harm     .   (no gloves)
MR       .....                  (no boots)
Stlth    ..........             n - amulet of the acrobat
HPRegen  0.20/turn              t - ring of teleportation (curse)
MPRegen  0.11/turn              (no ring)

@: no status effects
A: permanent stasis, dig shafts and tunnels, four strong arms, antennae 3
a: Dig, Shaft Self


You were on level 6 of the Dungeon.
You were not hungry.

You visited 1 branch of the dungeon, and saw 6 of its levels.

You collected 322 gold pieces.

Inventory:

Hand Weapons
 a - a +0 long sword
 l - a +2 short sword of freezing (weapon)
 y - a +2 vampiric dagger
Missiles
 e - 157 stones (quivered)
 k - 72 sling bullets
Armour
 b - a +0 scale mail (worn)
 c - a +0 shield (worn)
 r - a +0 cloak (worn)
Jewellery
 j - an uncursed amulet of magic regeneration
 n - an amulet of the acrobat (around neck)
 t - a cursed ring of teleportation (left hand)
Wands
 v - a wand of random effects (20)
Scrolls
 g - 4 scrolls of teleportation {unknown}
 m - 7 scrolls of identify {unknown}
 o - a scroll of remove curse {unknown}
 p - a scroll of blinking {unknown}
 q - 3 scrolls of enchant armour {unknown}
 u - 3 scrolls of magic mapping {unknown}
 w - a scroll of enchant weapon {unknown}
 A - a scroll of torment {unknown}
 C - a scroll of immolation {unknown}
Potions
 d - 2 potions of might
 h - 6 potions of curing {unknown}
 i - a potion of degeneration {unknown}
 s - 4 potions of heal wounds {unknown}
 x - a potion of flight {unknown}
 z - a potion of mutation {unknown}
 B - 2 potions of lignification {unknown}
Comestibles
 f - 14 rations


   Skills:
 + Level 6.3 Fighting
 + Level 5.2 Long Blades
 + Level 6.2 Armour
 + Level 7.0 Shields


You had 7 spell levels left.
You didn't know any spells.
Your spell library contained the following spells:

 Spells                   Type           Power        Failure   Level  Hunger
 Animate Skeleton         Necr           N/A          83%         1    ##.....
 Apportation              Tloc           #.....       83%         1    ##.....
 Confusing Touch          Hex            #.....       83%         1    ##.....
 Summon Small Mammal      Summ           #...         83%         1    ##.....


Dungeon Overview and Level Annotations

Branches:
Dungeon (6/15)
 Temple: D:4-7

Altars:
Fedhas
Gozag
Kikubaaqudgha
Vehumet

Annotations:
D:5 exclusion: statue


Innate Abilities, Weirdness & Mutations

You cannot be hasted, slowed, berserked, paralysed or teleported.
You can dig through walls and to a lower floor.
Your four strong arms can wield two-handed weapons with a shield.
You have a pair of large antennae on your head. (SInv)


Message History

You puncture the orc warrior! You freeze the orc warrior.
The orc warrior is almost dead.
The orc warrior hits you with a +2 scimitar of slicing!
* * * LOW HITPOINT WARNING * * *
x2 You closely miss the orc warrior.
The orc warrior is almost dead.
The orc warrior hits you but does no damage.
You hit the orc warrior. You freeze the orc warrior.
The orc warrior is almost dead.
You block the orc warrior's attack.
You closely miss the orc warrior.
The orc warrior is almost dead.
You completely miss the orc warrior.
The orc warrior is almost dead.
The orc warrior closely misses you.
You hit the orc warrior but do no damage.
The orc warrior is almost dead.
The orc warrior hits you with a +2 scimitar of slicing!
* * * LOW HITPOINT WARNING * * *
You die...

...........##............
.....o..{..##............
...........##............
o........{.##............
....o......รท.............
........###.##...........
.......#{##..##.........#
.....####o##.###.......##
.... #@###..##......###
..# ### ##.####..### . #.#
#### #.# #.# #.# { #.. ##.


You could see an orc warrior.

Vanquished Creatures
  Sigmund (D:4)
  A phantom (D:5)
  3 ogres
  A centaur (D:5)
  A scorpion (D:6)
  A jelly (D:4)
  A howler monkey (D:4)
  A bullfrog zombie (D:5)
  2 bullfrog skeletons
  2 orc priests
  Ijyb (D:4)
  2 orc wizards (D:4)
  4 worker ants
  A hound skeleton (D:5)
  A worker ant zombie (D:5)
  4 adders
  A shadow imp (D:5)
  An adder zombie (D:5)
  A worm (D:2)
  3 dart slugs
  6 leopard geckos
  13 orcs
  4 bats
  2 bat zombies (D:4)
  3 giant cockroaches
  8 goblins
  5 hobgoblins
  2 jackals (D:4)
  12 kobolds
  A quokka (D:6)
  3 ball pythons
  4 frilled lizards
  A giant cockroach zombie (D:5)
  3 rats
  A rat zombie (D:4)
101 creatures vanquished.

Notes
Turn   | Place    | Note
-------+----------+-------------------------------------------
     0 | D:1      | KnightedAnt the Formicid Fighter began the quest for the
                  | Orb.
     0 | D:1      | Reached XP level 1. HP: 18/18 MP: 1/1
    36 | D:1      | Reached XP level 2. HP: 16/24 MP: 2/2
   476 | D:1      | Reached skill level 4 in Shields
   479 | D:1      | Reached XP level 3. HP: 29/29 MP: 3/3
  1820 | D:3      | Reached XP level 4. HP: 22/37 MP: 4/4
  2181 | D:3      | Noticed an ogre
  2893 | D:3      | Killed an ogre
  2893 | D:3      | Reached XP level 5. HP: 43/43 MP: 5/5
  2968 | D:4      | Reached XP level 6. HP: 49/49 MP: 6/6
  2975 | D:4      | Reached skill level 5 in Shields
  3413 | D:4      | Reached XP level 7. HP: 48/55 MP: 7/7
  3497 | D:4      | Found an ancient bone altar of Kikubaaqudgha.
  3544 | D:4      | Reached skill level 5 in Fighting
  3544 | D:4      | Reached skill level 5 in Armour
  3661 | D:4      | Noticed Sigmund
  3673 | D:4      | Killed Sigmund
  3673 | D:4      | Reached skill level 6 in Shields
  3940 | D:4      | Reached XP level 8. HP: 48/64 MP: 8/8
  4106 | D:4      | Noticed Ijyb
  4109 | D:4      | Found a blossoming altar of Fedhas.
  4120 | D:4      | Killed Ijyb
  4340 | D:5      | Entered Level 5 of the Dungeon
  4471 | D:5      | Found an opulent altar of Gozag.
  4690 | D:5      | Reached skill level 5 in Long Blades
  4704 | D:5      | Found a blossoming altar of Fedhas.
  4905 | D:5      | Found a radiant altar of Vehumet.
  5538 | D:6      | Reached skill level 7 in Shields
  5585 | D:6      | HP: 3/65 [orc warrior/+2 scimitar of slicing (15)]
  5585 | D:6      | Slain by an orc warrior

Vault maps used:
D:1:      minmay_arrival_jagged
D:2:      dk_vineyard_2, hex_tiny
D:3:      minivault_11
D:4:      lemuel_zombie_altar_kikubaaqudgha, first_ration, fedhas_altar_4,
          uniq_sigmund, uniq_ijyb
D:5:      lemuel_round_altar, vehumet_statue, serial_undead, serial_undead_f,
          serial_undead_d, serial_undead_e, serial_undead_b, minivault_4,
          minivault_19, grunt_gozag_statues
D:6:      grunt_dithmenos_smoke, serial_park, nicolae_ru_sacrificial_ziggurat,
          uniq_blork_the_orc

Skill      XL: |  1  2  3  4  5  6  7  8 |
---------------+-------------------------+-----
Shields        | 4 5 6 7 |  7.0
Fighting       | 4 5 6 |  6.3
Long Blades    | 3 4 5 |  5.2
Armour         | 4 5 6 |  6.2

Action                   |  1- 3 |  4- 6 |  7- 9 || total
-------------------------+-------+-------+-------++-------
Melee: Long sword        |    38 |       |       ||    38
       Short sword       |    72 |   137 |   227 ||   436
 Abil: Dig               |     1 |     1 |     1 ||     3
Evoke: Wand              |       |     6 |     4 ||    10
 Stab: Confused          |       |     1 |       ||     1
  Eat: Chunk             |     3 |     5 |     8 ||    16
Armor: Scale mail        |    49 |    31 |    64 ||   144
Dodge: Dodged            |    32 |    28 |    73 ||   133
Block: Shield            |    66 |    66 |    99 ||   231
       Rpst.: Long sword |     5 |       |       ||     5

Table legend:
 A = Non-vault XP
 B = Vault XP
 C = Vault XP percentage of total XP
 D = Non-vault monster count
 E = Vault monster count
 F = Vault count percentage of total count
                 A         B        C        D         E       F
            +---------+---------+-------+---------+---------+-------
      Total |    1342 |     384 |  22.2 |      91 |      10 |   9.9
            +---------+---------+-------+---------+---------+-------
        D:1 |      32 |       0 |   0.0 |      19 |       0 |   0.0
        D:2 |      28 |       0 |   0.0 |      12 |       0 |   0.0
        D:3 |     190 |       0 |   0.0 |      23 |       0 |   0.0
        D:4 |     665 |     274 |  29.2 |      25 |       5 |  16.7
        D:5 |     311 |     110 |  26.1 |       8 |       5 |  38.5
        D:6 |     116 |       0 |   0.0 |       4 |       0 |   0.0
            +---------+---------+-------+---------+---------+-------
